Map: 2000 Atmospheres LE

Players

SKillous

  • Race: Protoss Protoss
  • League: Grandmaster

BratOK (Brat_OK) - Winner!

  • Race: Terran Terran
  • League: Grandmaster

Event: DreamHack SC2 Masters 2021 Summer

VOD

Have the link to the VOD?

Description

Time

  • Played on: May 19, 2021, 1:04 p.m.
  • Length: 13:53

All games in this series

Show
View Real Time Build Order
Export as new Build Order

SKillous Protoss 

Build Orders: 1 Gate Expand, Blink Stalkers 

Get SALT Encoding   

  12  0:00  Probe  
  13  0:12  Probe  
  14  0:18  Pylon  
  14  0:24  Probe  
  15  0:36  Gateway  
  15  0:38  Probe (Chrono Boost)  
  16  0:47  Probe (Chrono Boost), Assimilator  
  17  0:52  Probe (Chrono Boost)  
  19  1:04  Probe  
  19  1:16  Probe  
  20  1:23  Cybernetics Core  
  20  1:32  Nexus  
  20  1:39  Pylon  
  20  1:42  Probe  
  21  1:50  Assimilator  
  20  1:54  Probe  
  20  1:56  Stalker (Chrono Boost)  
  23  2:02  Warp Gate  
  23  2:06  Probe  
  24  2:17  Stalker (Chrono Boost)  
  24  2:19  Probe  
  27  2:31  Probe  
  28  2:38  Twilight Council  
  28  2:43  Probe  
  29  2:44  Gateway  
  29  2:48  Probe (Chrono Boost)  
  30  2:55  Probe (Chrono Boost)  
  31  2:58  Stalker  
  35  3:06  Probe x2 (Chrono Boost), Blink (Chrono Boost)  
  35  3:11  Probe (Chrono Boost)  
  36  3:13  Probe (Chrono Boost)  
  37  3:21  Probe  
  37  3:24  Probe  
  39  3:33  Probe  
  39  3:34  Robotics Facility  
  40  3:36  Probe  
  41  3:45  Probe  
  41  3:48  Probe  
  43  3:50  Nexus  
  43  3:54  Pylon  
  43  3:58  Probe  
  43  4:05  Stalker  
  43  4:07  Stalker  
  39  4:10  Probe  
  39  4:12  Probe  
  41  4:22  Observer, Probe  
  43  4:25  Probe  
  43  4:31  Pylon  
  44  4:32  Stalker  
  44  4:34  Probe  
  44  4:47  Probe (Chrono Boost)  
  44  4:52  Probe (Chrono Boost)  
  44  4:54  Stalker  
  44  4:58  Observer  
  44  4:59  Probe (Chrono Boost)  
  48  5:01  Assimilator  
  50  5:07  Probe (Chrono Boost)  
  50  5:08  Probe (Chrono Boost)  
  50  5:09  Stalker  
  50  5:12  Probe (Chrono Boost)  
  54  5:17  Charge  
  54  5:18  Probe (Chrono Boost)  
  54  5:19  Probe (Chrono Boost)  
  54  5:20  Probe (Chrono Boost)  
  56  5:26  Probe (Chrono Boost)  
  59  5:30  Probe (Chrono Boost)  
  59  5:31  Probe (Chrono Boost)  
  59  5:32  Probe (Chrono Boost)  
  60  5:37  Probe  
  61  5:46  Probe  
  61  5:48  Probe  
  63  5:53  Gateway  
  63  5:54  Gateway  
  63  5:55  Gateway  
  63  5:56  Gateway, Warp Prism (Chrono Boost)  
  65  6:07  Probe  
  65  6:08  Probe x2  
  65  6:09  Sentry x2  
  72  6:14  Shield Battery  
  72  6:16  Gateway  
  72  6:21  Gateway, Pylon  
  72  6:31  Pylon  
  72  6:32  Observer  
  72  6:33  Zealot x2  
  72  6:35  Pylon  
  72  6:37  Pylon  
  76  6:45  Probe x3  
  79  6:48  Stalker  
  81  7:00  Zealot x5  
  91  7:05  Shield Battery  
  91  7:07  Pylon  
  91  7:13  Templar Archives  
  91  7:14  Zealot x2  
  95  7:18  Shield Battery  
  95  7:27  Zealot x5  
  95  7:29  Zealot  
  107  7:33  Shield Battery  
  107  7:34  Psionic Storm  
  107  7:42  Observer  
  103  7:46  Zealot x4  
  103  7:48  Zealot x3  
  105  7:58  High Templar x4  
  97  8:10  Zealot x4  
  105  8:14  Warp Prism (Chrono Boost)  
  105  8:16  Observer  
  107  8:22  Pylon  
  105  8:30  Zealot x4  
  105  8:31  Zealot x2  
  117  8:35  Pylon  
  117  8:37  Pylon  
  117  8:38  Pylon  
  117  8:43  Zealot x2  
  98  9:10  Observer  
  78  9:30  Observer, Zealot x2  
  82  9:35  Pylon  
  82  9:42  Pylon  
  82  9:44  Observer  
  82  9:46  High Templar x2  
  86  9:55  Zealot x5  
  94  10:21  Zealot x7  
  92  10:41  Zealot x7  
  68  10:50  Archon  
  48  11:04  Zealot x7  
  46  11:28  Stalker x5  
  46  11:29  Stalker x2  
  51  11:47  Zealot x2  
  45  12:21  Zealot x2  
  45  12:22  Probe, Pylon  
  50  12:23  Probe  
  50  12:27  Probe, Pylon  
  50  12:29  Pylon  
  52  12:40  High Templar  
  52  12:41  High Templar x3  
  58  12:55  Probe x3  
  61  13:01  Archon x2  
  61  13:03  Zealot x3  
  55  13:06  Zealot  
  50  13:13  Zealot x2  
  50  13:14  Zealot  
  54  13:25  Zealot x4  
  49  13:36  Zealot x3  
Show
View Real Time Build Order
Export as new Build Order

BratOK Terran - Winner!

Build Orders:  

Get SALT Encoding   

  12  0:00  SCV  
  13  0:12  SCV  
  14  0:17  Supply Depot  
  14  0:24  SCV  
  15  0:38  SCV  
  15  0:39  Barracks  
  16  0:43  Refinery  
  16  0:50  SCV  
  17  1:02  SCV  
  18  1:15  SCV  
  19  1:27  Orbital Command, Marine  
  20  1:45  Command Center  
  20  1:57  Factory  
  20  2:00  SCV  
  21  2:04  Barracks Reactor  
  21  2:08  Supply Depot  
  21  2:15  SCV  
  22  2:19  Bunker  
  22  2:27  SCV  
  23  2:39  SCV  
  23  2:41  Hellion  
  23  2:43  Starport  
  26  2:44  Marine x2  
  28  2:57  SCV  
  29  3:00  Orbital Command  
  29  3:02  Hellion  
  29  3:04  Marine  
  29  3:05  Marine  
  33  3:09  SCV  
  34  3:13  Supply Depot  
  34  3:19  Medivac  
  36  3:22  SCV  
  36  3:23  Hellion  
  36  3:24  Marine  
  36  3:26  SCV  
  41  3:34  SCV  
  41  3:35  Barracks  
  41  3:38  SCV  
  43  3:45  Marine x2  
  45  3:56  SCV  
  45  3:59  Barracks  
  45  4:00  SCV  
  47  4:03  Marine x2  
  47  4:08  SCV  
  50  4:15  SCV  
  50  4:16  Refinery  
  51  4:20  SCV  
  51  4:21  Refinery, Engineering Bay, Marine x2  
  54  4:27  Barracks Tech Lab  
  54  4:32  Supply Depot  
  54  4:34  Supply Depot  
  54  4:43  SCV x2  
  54  4:48  Marauder, Marine x2, Stimpack  
  54  4:49  Barracks Tech Lab  
  54  4:52  Terran Infantry Weapons Level 1  
  54  4:55  SCV x2  
  56  5:06  Marine x2  
  58  5:09  SCV  
  58  5:10  Marauder  
  58  5:12  Supply Depot, Combat Shield  
  58  5:13  Marauder  
  63  5:15  Supply Depot  
  63  5:22  Refinery, SCV x2  
  63  5:24  Marine x2  
  67  5:28  Medivac  
  67  5:34  SCV  
  70  5:42  Marine x2  
  68  5:47  Factory Reactor  
  68  5:48  Marauder x2  
  70  5:57  SCV  
  70  5:58  Barracks  
  70  5:59  Marine x2  
  70  6:00  Barracks  
  73  6:04  Medivac  
  73  6:05  SCV  
  73  6:09  SCV, Marauder  
  78  6:12  Supply Depot  
  78  6:15  Marauder  
  78  6:17  Marine  
  81  6:31  Marauder  
  81  6:39  Supply Depot  
  81  6:40  Supply Depot  
  81  6:42  Marauder, Marine x2  
  81  6:44  Concussive Shells  
  85  6:47  Terran Infantry Armor Level 1  
  85  6:51  Medivac x2  
  85  6:52  Widow Mine, Marauder, Marine  
  94  6:59  Marine  
  94  7:00  Marine  
  86  7:03  Marine x2  
  88  7:10  Marine  
  88  7:14  Marauder, Supply Depot  
  91  7:17  Marine x2  
  91  7:21  Marauder  
  95  7:24  Marine  
  95  7:28  Marine  
  96  7:35  Marauder, Marine x2  
  93  7:42  Marauder, Marine, Medivac x2  
  93  7:43  Widow Mine  
  95  7:46  Marine  
  96  7:53  Marine x2  
  96  7:56  Marine  
  99  8:00  Marine  
  99  8:01  Supply Depot  
  99  8:03  Marine x2, Supply Depot  
  102  8:11  Marine  
  103  8:13  Medivac x2  
  103  8:14  Marauder  
  102  8:20  Widow Mine  
  102  8:21  Marine x3  
  102  8:22  Marauder  
  109  8:29  Marine  
  110  8:36  Marauder  
  110  8:39  Marine x3  
  114  8:43  Marauder  
  114  8:45  Widow Mine, Medivac  
  118  8:53  Marine  
  119  8:56  Marine, Medivac  
  119  8:57  Marauder  
  124  9:04  Marauder  
  126  9:14  Orbital Command  
  126  9:16  Marine  
  117  9:18  Marauder  
  117  9:20  Medivac  
  99  9:26  Marauder  
  97  9:33  Marine x2  
  97  9:34  Marine  
  100  9:38  Medivac  
  100  9:40  Marauder  
  104  9:51  Marauder, Marine  
  107  10:01  Marauder  
  107  10:02  Marine x2  
  111  10:10  Marine x2  
  111  10:12  Marine  
  114  10:20  Marine  
  112  10:22  Marauder, Marine  
  112  10:28  Marine x2  
  107  10:30  Marauder  
  88  10:37  Marine  
  88  10:40  Marine  
  78  10:43  Marine  
  78  10:46  Marine x2  
  69  10:51  Marine  
  69  10:55  Marine  
  63  10:57  Marine  
  63  11:01  Marine  
  63  11:04  Marine x2, Medivac x2  
  61  11:09  Marine  
  62  11:13  Marine  
  62  11:15  Marine  
  52  11:19  Marine  
  52  11:21  Marine  
  52  11:22  Marine  
  53  11:26  Marine  
  53  11:31  Marine  
  53  11:33  Marine  
  53  11:37  Marauder  
  53  11:39  Marine x2  
  54  11:45  Marine  
  56  11:49  Marine  
  56  11:51  Marine  
  56  11:57  Marine x2  
  56  11:58  Marine  
  50  12:16  Marine x2  
  50  12:20  Marauder, Marine x2  
  50  12:21  Marauder  
  56  12:34  Marine x2  
  58  12:38  Marine x2  
  58  12:40  Medivac  
  58  12:42  Marauder  
  64  12:51  Marine x2  
  64  12:56  Marauder, Marine x2  
  70  13:03  Marine  
  69  13:09  Marine x2  
  70  13:14  Marine x2  
  70  13:19  Marine  
  72  13:20  Marine  
  70  13:27  Marine x2  
  70  13:31  Marine  
  70  13:32  Marine  
Tags
 
Add a new tag
Caveats
  • Supply blocks, unpowered buildings, or Contaminate may cause inaccurate times.
  • Supply counts are checked every 10 seconds.